Map: World of Sleepers LE

Players

Lobo - Winner!

  • Race: Protoss Protoss
  • Spawn Location: 7:00

NoRegreT

  • Race: Zerg Zerg
  • Spawn Location: 1:00

Event: NationWars 2019

VOD

Have the link to the VOD?

Description

Time

  • Played on: Oct. 5, 2019, 12:21 p.m.
  • Length: 11:55
Show
View Real Time Build Order
Export as new Build Order

Lobo Protoss - Winner!

Build Orders:  

Get SALT Encoding   

  12  0:00  Probe  
  13  0:13  Probe  
  14  0:21  Pylon  
  14  0:25  Probe  
  15  0:39  Probe (Chrono Boost)  
  16  0:45  Gateway  
  16  0:49  Probe (Chrono Boost), Assimilator  
  17  0:54  Probe (Chrono Boost)  
  18  1:05  Probe  
  19  1:17  Probe  
  19  1:29  Gateway  
  19  1:32  Cybernetics Core, Zealot (Chrono Boost)  
  19  1:37  Pylon  
  21  1:51  Zealot (Chrono Boost)  
  23  2:04  Pylon  
  23  2:07  Pylon  
  23  2:09  Pylon  
  23  2:12  Pylon  
  23  2:13  Adept (Chrono Boost)  
  27  2:23  Pylon  
  27  2:24  Adept (Chrono Boost)  
  27  2:42  Adept  
  6  3:17  Probe  
  5  3:32  Probe  
  6  4:04  Probe  
  5  5:27  Probe  
  6  5:54  Probe (Chrono Boost)  
  7  6:11  Probe  
Show
View Real Time Build Order
Export as new Build Order

NoRegreT Zerg 

Build Orders: Pool Only 

Get SALT Encoding   

  12  0:18  Spawning Pool  
  11  0:21  Drone  
  11  0:25  Drone  
  13  0:31  Drone  
  14  0:40  Overlord  
  14  1:04  Zergling x2  
  14  1:05  Zergling x4  
  19  1:16  Zergling x2  
  20  1:31  Zergling x2  
  19  1:38  Zergling x2  
  19  1:39  Extractor  
  20  1:48  Zergling x2  
  21  1:59  Zergling x2  
  22  2:20  Overlord  
  22  2:23  Zergling x2, Extractor  
  23  2:41  Zergling x2  
  21  2:50  Zergling x2  
  9  3:43  Drone  
  8  3:57  Zergling x2  
  9  4:05  Zergling x2  
  10  4:14  Zergling x2  
  11  4:22  Zergling x2  
  11  4:32  Zergling x2  
Tags
 
Add a new tag
Caveats
  • Supply blocks, unpowered buildings, or Contaminate may cause inaccurate times.
  • Supply counts are checked every 10 seconds.